 Dungeon Crawl Stone Soup version 0.20-a0-1078-g4874019 (webtiles) character file.

566 FastMan the Cleaver (level 7, -3/63 HPs)
             Began as a Minotaur Berserker on May 1, 2017.
             Was a Believer of Trog.
             Killed from afar by an orc wizard (8 damage)
             ... with a magic dart
             ... on level 4 of the Dungeon.
             The game lasted 00:01:37 (2847 turns).

FastMan the Cleaver (Minotaur Berserker)            Turns: 2847, Time: 00:01:38

Health: -3/63      AC:  2    Str: 22    XL:     7   Next: 10%
Magic:  6/6        EV: 12    Int:  4    God:    Trog [**....]
Gold:   79         SH:  0    Dex: 11    Spells: 6/6 levels left

rFire    . . .     SeeInvis .   a - +0 hand axe
rCold    . . .     Gourm    .   (no shield)
rNeg     . . .     Faith    .   b - +0 animal skin
rPois    .         Spirit   .   (helmet restricted)
rElec    .         Reflect  .   (no cloak)
rCorr    .         Harm     .   (no gloves)
MR       .....                  (no boots)
Stlth    +.........             (no amulet)
Regen    0.2/turn               (no ring)
MPRegen  0.1/turn               (no ring)

@: slowed, very slow
A: retaliatory headbutt, horns 2
a: Berserk, Trog's Hand, Burn Spellbooks, Renounce Religion


You were on level 4 of the Dungeon.
You worshipped Trog.
Trog was pleased with you.
You were not hungry.

You visited 1 branch of the dungeon, and saw 4 of its levels.

You collected 79 gold pieces.

Inventory:

Hand Weapons
 a - a +0 hand axe (weapon)
Armour
 b - a +0 animal skin (worn)
 k - a +0 cloak
Jewellery
 m - a cursed ring of teleportation {unknown}
Scrolls
 f - 2 scrolls of teleportation {unknown}
 g - a scroll of immolation {unknown}
 i - 2 scrolls of identify {unknown}
 l - 2 scrolls of magic mapping {unknown}
 n - a scroll of fear {unknown}
 o - a scroll of amnesia {unknown}
 p - 2 scrolls of enchant weapon {unknown}
 q - a scroll of recharging {unknown}
 r - a scroll of remove curse {unknown}
Potions
 e - a potion of ambrosia {unknown}
 h - a potion of flight {unknown}
 j - a potion of might {unknown}
 s - a potion of lignification {unknown}
 t - a potion of mutation {unknown}
Comestibles
 c - 3 bread rations {@e1}
 d - 4 chunks of flesh


   Skills:
 + Level 6.0 Fighting
 * Level 8.5 Axes
 - Level 2.4 Armour
 - Level 2.1 Dodging


You had 6 spell levels left.
You didn't know any spells.

Dungeon Overview and Level Annotations

Branches:
Dungeon (4/15)
 Temple: D:4-7

Altars:
Cheibriados
Okawaru


Innate Abilities, Weirdness & Mutations

You reflexively headbutt those who attack you in melee.
You have a pair of horns on your head.


Message History

The orc wizard mumbles some strange words.
The orc wizard seems to speed up.
You are too injured to fight recklessly!
You hit the orc wizard.
The orc wizard is almost dead.
You hit the orc wizard.
The orc wizard gestures at you while chanting.
You resist with some effort. The orc closely misses you.
The orc wizard gestures wildly while chanting.
The orc wizard blinks!
The orc wizard hits you with a dagger.
* * * LOW HITPOINT WARNING * * *
The orc hits you but does no damage. The orc misses you.
You are too injured to fight recklessly!
The orc wizard misses you. The orc hits you but does no damage.
Items here: )) †† a morningstar; a hand axe; an orc corpse x2
You are too injured to fight recklessly!
The orc wizard casts a spell at you. The magic dart hits you!
You die...

###..#...##.##.#.#####..
#..##......#.#........ .
#..##..#.#######..
.##).##..#.# ##.
..........# #. #
##..##..### #.
#.###..##..# #.
###.....oo...# #.
.......@§[.#.##########.
####.##o##.#.)..........
#o##.#######.####.
....?. ...# #. ##.##.##
##### #. #.##.# ##
.....# #.####


You could see 2 orc wizards and 2 orcs.

Vanquished Creatures
  A hippogriff (D:3)
  2 ogres
  An orc priest (D:3)
  Jessica (D:2)
  Robin (D:2)
  4 gnolls (D:3)
  2 adders
  An ooze (D:1)
  2 worms (D:2)
  3 leopard geckos
  9 orcs
  A giant cockroach (D:1)
  14 goblins
  8 hobgoblins
  2 jackals (D:2)
  3 ball pythons
  5 bats
  4 frilled lizards
  7 kobolds
  3 rats
74 creatures vanquished.

Notes
Turn   | Place    | Note
-------+----------+-------------------------------------------
     0 | D:1      | FastMan the Minotaur Berserker began the quest for the Orb.
     0 | D:1      | Reached XP level 1. HP: 19/19 MP: 0/0
    76 | D:1      | Found an iron altar of Okawaru.
   320 | D:1      | Reached skill level 4 in Axes
   326 | D:1      | Reached XP level 2. HP: 20/27 MP: 1/1
   678 | D:2      | Reached XP level 3. HP: 23/33 MP: 2/2
   721 | D:2      | Reached skill level 5 in Axes
   858 | D:2      | Noticed Robin
   865 | D:2      | Reached ** piety under Trog
   872 | D:2      | Killed Robin
  1245 | D:2      | Reached XP level 4. HP: 33/40 MP: 3/3
  1561 | D:2      | Noticed Jessica
  1565 | D:2      | Killed Jessica
  1565 | D:2      | Reached skill level 6 in Axes
  1581 | D:3      | Noticed an ogre
  1591 | D:3      | Killed an ogre
  1591 | D:3      | Reached XP level 5. HP: 22/47 MP: 4/4
  1951 | D:3      | Found a snail-covered altar of Cheibriados.
  2022 | D:3      | Reached skill level 5 in Fighting
  2045 | D:3      | Reached skill level 7 in Axes
  2308 | D:3      | Reached XP level 6. HP: 43/56 MP: 5/5
  2482 | D:3      | Noticed a hippogriff
  2491 | D:3      | Killed a hippogriff
  2491 | D:3      | Reached skill level 8 in Axes
  2818 | D:4      | Reached XP level 7. HP: 50/62 MP: 6/6
  2847 | D:4      | Killed from afar by an orc wizard

Vault maps used:
D:1:      dpeg_arrival_concentric_ovals, okawaru_ov_weapons_minmay
D:2:      first_bread, st_stairs_11, uniq_jessica, uniq_robin
D:3:      lemuel_coloured_pillars_altar

Skill      XL: |  1  2  3  4  5  6  7 |
---------------+----------------------+-----
Axes           | 4 5 6 7 8 |  8.5
Fighting       | 4 5 6 |  6.0
Armour         | |  2.4
Dodging        | |  2.1

Action                   |  1- 3 |  4- 6 |  7- 9 || total
-------------------------+-------+-------+-------++-------
Melee: Hand axe          |    72 |    69 |    10 ||   151
       Headbutt          |    12 |    14 |     1 ||    27
Invok: Berserk           |     3 |     5 |       ||     8
       Trog's Hand       |       |     1 |       ||     1
 Stab: Sleeping          |     1 |     1 |       ||     2
  Eat: Chunk             |     3 |     8 |       ||    11
       Meat ration       |       |       |     1 ||     1
Armor: Animal skin       |     7 |     7 |     1 ||    15
Dodge: Dodged            |    36 |    47 |    21 ||   104
